 Dungeon Crawl Stone Soup version 0.27-a0-1559-g299f9947c5 (webtiles) character file.

Game seed: 10560146567727403811

169015 Conn the Eclecticist (level 17, -2/103 HPs)
             Began as an Octopode Fire Elementalist on July 16, 2021.
             Was an Elder of Sif Muna.
             Shot with a sling bullet by a faun (21 damage)
             ... on level 4 of the Shoals.
             The game lasted 03:04:45 (48124 turns).

Conn the Eclecticist (Octopode Fire Elementalist)  Turns: 48124, Time: 03:04:48

Health: -2/103     AC:  7    Str: 15    XL:     17   Next: 96%
Magic:  18/36      EV: 15    Int: 49    God:    Sif Muna [****..]
Gold:   1610       SH:  7    Dex: 12    Spells: 4/47 levels left

rFire    + . .     SeeInvis .   s - +8 whip of Cunytrexa {protect, *Noise rPois rCorr Int+8}
rCold    . . .     Faith    .   h - +2 buckler {reflect}
rNeg     . . .     Spirit   .   J - +2 hat
rPois    +         Reflect  +   l - amulet of the acrobat
rElec    .         Harm     .   w - +4 ring of protection
rCorr    +         Rampage  .   O - +6 ring of intelligence
Will     ++...                  f - ring of resist corrosion
Stlth    +++++.....             j - ring of protection from fire
HPRegen  0.27/turn              y - +6 ring of strength
MPRegen  0.25/turn              Z - +6 ring of intelligence
                                Y - +6 ring of intelligence
                                o - ring of willpower

@: no status effects
A: almost no armour, amphibious, 8 rings, camouflage 1, gelatinous body 1,
(nimble swimmer 1), tentacles, poison resistance
a: Renounce Religion, Channel Magic, Forget Spell, Divine Exegesis


You were on level 4 of the Shoals.
You worshipped Sif Muna.
Sif Muna was greatly pleased with you.
You visited 5 branches of the dungeon, and saw 27 of its levels.
You also visited: Sewer and Ice Cave.

You collected 3528 gold pieces.
You spent 1918 gold pieces at shops.

Inventory:

Hand Weapons
 a - the +7 trident of a Thousand Continents {freeze, rPois MP-9 Str+3}
   (You bought it in a shop on level 5 of the Dungeon)

   It freezes those it strikes, dealing additional cold damage.
   It can also slow down cold-blooded creatures.
   Str:       It affects your strength (+3).
   rPois:     It protects you from poison.
   MP:        It affects your magic capacity (-9).
 q - a +2 dagger of freezing
 s - the +8 whip of Cunytrexa (weapon) {protect, *Noise rPois rCorr Int+8}
   (You found it on level 6 of the Dungeon)

   It grants its wielder temporary protection when it strikes (+7 to AC).
   Int:       It affects your intelligence (+8).
   rPois:     It protects you from poison.
   *Noise:    It may make noises in combat.
   rCorr:     It protects you from acid and corrosion.
 C - the +5 war axe "Faif" {vorpal, Fragile rF++ rC++}
   (You took it off a merfolk siren on level 1 of the Shoals)

   It inflicts extra damage upon your enemies.
   rF:        It greatly protects you from fire.
   rC:        It greatly protects you from cold.
   Fragile:   It will be destroyed if unequipped.
Missiles
 I - 7 boomerangs of dispersal
Armour
 h - a +2 buckler of reflection (worn)
 J - a +2 hat (worn)
Magical Staves
 m - a staff of cold
 P - a staff of air
Jewellery
 f - a ring of resist corrosion (on tentacle)
 j - a ring of protection from fire (on tentacle)
 l - an amulet of the acrobat (around mantle)
 o - a ring of willpower (on tentacle)
 r - a ring of positive energy
 w - a +4 ring of protection (left tentacle)
 y - a +6 ring of strength (on tentacle)
 M - a ring of ice
 O - a +6 ring of intelligence (right tentacle)
 S - a ring of willpower
 W - a ring of wizardry
 X - an amulet of faith
 Y - a +6 ring of intelligence (on tentacle)
 Z - a +6 ring of intelligence (on tentacle)
Wands
 c - a wand of acid (24)
 z - a wand of flame (116)
 B - a wand of mindburst (94)
 D - a wand of digging (13)
 L - a wand of iceblast (15)
 N - a wand of polymorph (17)
 T - a wand of paralysis (23)
 U - a wand of charming (13)
Scrolls
 b - a scroll of magic mapping
 d - 20 scrolls of identify
 e - 3 scrolls of fear
 g - 3 scrolls of blinking
 i - 11 scrolls of teleportation
 k - 3 scrolls of brand weapon
 v - a scroll of amnesia
 Q - a scroll of holy word
 R - 2 scrolls of immolation
Potions
 n - 5 potions of brilliance
 p - 4 potions of lignification
 t - 3 potions of curing
 A - 5 potions of might
 H - 4 potions of berserk rage
 K - a potion of resistance
Miscellaneous
 E - a phantom mirror


   Skills:
 + Level 5.1 Fighting
 + Level 1.4 Short Blades
 + Level 5.2 Maces & Flails
 + Level 6.8 Dodging
 + Level 7.9 Stealth
 + Level 5.1 Shields
 + Level 0.3 Unarmed Combat
 + Level 15.7 Spellcasting
 + Level 14.6 Conjurations
 + Level 3.6 Hexes
 + Level 1.1 Summonings
 + Level 7.4 Translocations
 + Level 14.0 Fire Magic
 + Level 4.8 Ice Magic
 + Level 2.0 Air Magic
 + Level 3.7 Earth Magic
 + Level 0.3 Poison Magic
 - Level 7.0 Invocations
 + Level 1.0 Evocations


You had 4 spell levels left.
You knew the following spells:

 Your Spells              Type           Power      Damage    Failure   Level
a - Foxfire               Conj/Fire      100%       2x1d9     0%          1
b - Iskenderun's Mystic   Conj/Tloc      98%        2d19      1%          4
c - Inner Flame           Hex/Fire       90%        N/A       1%          3
d - Sticky Flame          Conj/Fire      100%       2d11      0%          4
e - Fireball              Conj/Fire      54%        3d21      1%          5
f - Blink                 Tloc           N/A        N/A       1%          2
g - Orb of Destruction    Conj           55%        9d16      1%          7
h - Dispersal             Tloc           42%        N/A       3%          6
i - Bolt of Magma         Conj/Fire/Erth 48%        4d20      1%          5
j - Mephitic Cloud        Conj/Pois/Air  76%        N/A       1%          3
k - Stone Arrow           Conj/Erth      100%       3d13      1%          3

Your spell library contained the following spells:

 Spells                   Type           Power      Damage    Failure   Level
 Magic Dart               Conj           100%       1d8       0%          1
 Searing Ray              Conj           100%       3d7       0%          2
 Conjure Flame            Conj/Fire      100%       6-21      0%          3
 Sandblast                Erth           100%       2d20      1%          1
 Shock                    Conj/Air       100%       1d9       1%          1
 Summon Small Mammal      Summ           100%       N/A       1%          1
 Call Imp                 Summ           50%        N/A       1%          2
 Passwall                 Tmut/Erth      45%        N/A       1%          2
 Sublimation of Blood     Necr           19%        N/A       1%          2
 Wereblood                Tmut           38%        N/A       1%          2
 Call Canine Familiar     Summ           50%        N/A       1%          3
 Dazzling Flash           Conj/Hex       100%       N/A       1%          3
 Lesser Beckoning         Tloc           42%        N/A       1%          3
 Portal Projectile        Hex/Tloc       100%       N/A       1%          3
 Summon Guardian Golem    Hex/Summ       58%        N/A       1%          3
 Swiftness                Air            56%        N/A       1%          3
 Teleport Other           Tloc           84%        N/A       1%          3
 Fulminant Prism          Conj/Hex       45%        3d21      1%          4
 Leda's Liquefaction      Hex/Erth       32%        N/A       1%          4
 Passage of Golubria      Tloc           N/A        N/A       1%          4
 Summon Ice Beast         Ice/Summ       61%        N/A       1%          4
 Airstrike                Air            28%        N/A       2%          4
 Freezing Cloud           Conj/Ice/Air   41%        6-21      1%          5
 Irradiate                Conj/Tmut      41%        3d27      1%          5
 Lightning Bolt           Conj/Air       44%        1d63      1%          5
 Manifold Assault         Tloc           84%        N/A       1%          5
 Iron Shot                Conj/Erth      45%        9d9       1%          6
 Summon Forest            Summ/Tloc      34%        N/A       2%          5
 Summon Mana Viper        Hex/Summ       58%        N/A       5%          5
 Spellforged Servitor     Conj/Summ      43%        N/A       17%         7
 Invisibility             Hex            32%        N/A       19%         6
 Simulacrum               Ice/Necr       29%        N/A       30%         6
 Statue Form              Tmut/Erth      36%        N/A       36%         6
 Malign Gateway           Summ/Tloc      34%        N/A       58%         7
 Disjunction              Tloc           42%        N/A       85%         8
 Monstrous Menagerie      Summ           25%        N/A       95%         7
 Summon Hydra             Summ           25%        N/A       95%         7
 Borgnjor's Revivificati  Necr           19%        N/A       100%        8
 Necromutation            Tmut/Necr      19%        N/A       100%        8
 Chain Lightning          Conj/Air       44%        3d58      100%        9
 Death's Door             Necr           19%        N/A       100%        9
 Polar Vortex             Ice            36%        N/A       100%        9


Dungeon Overview and Level Annotations

Branches:
Dungeon (14/15)            Temple (1/1) D:5            Lair (6/6) D:11
 Shoals (4/4) Lair:2       Spider (0/4) Lair:3        Slime (0/5) Lair:5
    Orc (2/2) D:12            Elf (0/3) Orc:2        Vaults (0/5) D:13
  Sewer (visited)           IceCv (visited)

Altars:
Ashenzari
Cheibriados
Dithmenos
Elyvilon
Gozag
Hepliaklqana
Makhleb
Nemelex Xobeh
Sif Muna
Uskayaw

Shops:
D:5 ?[=(   D:6 [   D:9 ?   D:13 ?*   D:14 *[   Orc:2 !*=[   Shoals:2 *

Portals:
Pandemonium: Orc:2

Annotations:
D:14 Roxanne
Shoals:3 Ilsuiw
Shoals:4 Polyphemus


Innate Abilities, Weirdness & Mutations

You cannot wear most types of armour.
You are amphibious.
You can wear up to eight rings at the same time.
Your skin changes colour to match your surroundings (Stealth+).
Your rubbery body absorbs attacks. (AC +1, EV +1)
((You are camouflaged near water. (Stealth+)))
You have tentacles for arms and can constrict up to eight enemies at once.
Your system is resistant to poisons. (rPois)


Message History

The merfolk aquamancer gestures wildly while chanting.
The merfolk aquamancer blinks!
The merfolk impaler is engulfed in noxious fumes.
The merfolk impaler appears confused.
The merfolk impaler is engulfed in noxious fumes.
Unknown command.
Your magical effects are unravelling.
You feel magically purged.
You feel less wooden.
Your +2 hat unmelds from your body.
You feel yourself slow down.
The faun cries, "Help!"
The merfolk impaler is engulfed in noxious fumes.
The merfolk impaler appears confused.
The merfolk impaler attempts to regain its composure.
As you read the scroll of magic mapping, it crumbles to dust.
You feel aware of your surroundings.
The merfolk throws a throwing net.
You reflect the throwing net off your +2 buckler of reflection!
The throwing net hits the merfolk.
The merfolk is caught in the net!
The merfolk struggles against the net.
The merfolk impaler is engulfed in noxious fumes.
The merfolk impaler appears confused.
The merfolk attempts to regain its composure.
Okay, then.
The merfolk struggles against the net.
The merfolk struggles against the net.
The merfolk impaler wails, "Oh dear!
Oh dear!"
The merfolk impaler prays for help.
Blink to where?
Press: ? - help, Dir - move target, p - merfolk impaler
As you read the scroll of blinking, it crumbles to dust.
The merfolk struggles against the net.
The net rips apart, and the merfolk comes free!
The merfolk impaler seems to regain its courage.
The merfolk hits you with a +0 trident.
* * * LOW HITPOINT WARNING * * *
The satyr plays a frightful melody on his pipes!
The satyr radiates an aura of fear!
You resist with almost no effort.
The faun shoots a sling bullet.
The sling bullet hits you!!
You die...

≈≈≈≈≈,,**##........P#..........,,
≈≈≈≈≈,,* ##...........P........,,
≈≈≈≈≈,,**#.............P....P..,*
≈≈≈≈≈≈,,c.......†....).m.P.....,,
≈≈≈≈≈≈≈,.......................,,
≈≈≈≈≈≈≈≈≈≈......†.....≈..P.P...≈,
≈≈≈≈≈≈≈≈≈....≈≈..............≈..,
≈≈≈≈≈≈≈≈≈...≈≈≈≈.m..c.≈.........,
≈≈≈≈≈≈≈≈≈....c≈.@.c###..m≈≈≈....,
≈≈≈,≈≈≈≈≈≈≈≈≈.......##.≈≈≈......,
≈,,,,,,,≈≈≈≈≈≈≈...m...○☼≈≈......,
,,,,,,,,,.≈≈≈≈≈≈≈.....°○≈≈≈.....,
,,,,,,,,,..≈≈≈≈≈≈....P°°≈≈≈.....,
,,,,,,,,,..≈≈≈≈≈≈............≈≈.≈
,,,,,,,,,..≈≈≈≈≈......§.#.....≈≈≈
,,,,,≈*,,...≈≈≈≈......###≈....≈≈≈
,,*,≈≈*,,,,,≈≈≈≈....##≈≈,....##≈≈


You could see a merfolk impaler (confused), a satyr, 2 merfolk and 2 fauns.

Vanquished Creatures
  Bai Suzhen (Shoals:3)
  Rupert (Lair:3)
  Gastronok (D:11)
  Agnes (D:14)
  Kirke (D:14)
  A frost giant (IceCv)
  Snorg (D:13)
  A merfolk impaler (Shoals:1)
  A merfolk javelineer (Shoals:2)
  Fannar (Lair:2)
  8 hydras
  A boulder beetle (D:13)
  6 merfolk aquamancers
  3 merfolk avatars
  22 death yaks
  2 centaur warriors (D:14)
  2 dancing weapons (D:13)
  3 catoblepae
  5 two-headed ogres
  5 orc high priests (Orc:2)
  Urug (Lair:3)
  A sun demon (Orc:2)
  Nergalle (Lair:4)
  A sixfirhy (Orc:2)
  11 sea snakes
  2 gelid demonspawn (Orc:2)
  A wizard (D:14)
  2 deep elf zephyrmancers (Orc:2)
  7 orc knights
  19 harpies
  A deep elf pyromancer (D:14)
  8 orc sorcerers
  7 manticores
  14 fauns
  7 cyclopes
  8 ugly things
  Maurice (Orc:2)
  5 merfolk sirens
  5 water nymphs
  35 elephants
  8 black mambas
  15 cane toads
  2 torpor snails (Lair:2)
  An orange demon (Orc:2)
  3 unseen horrors
  2 gargoyles (D:11)
  An ice statue (IceCv)
  Maggie (D:6)
  An efreet (D:14)
  3 ice devils
  5 rime drakes
  10 komodo dragons
  A queen bee (Lair:3)
  4 trolls
  A hellwing (Orc:2)
  26 merfolk
  17 polar bears
  3 wind drakes
  6 hornets
  Grinder (D:4)
  5 blink frogs
  18 dream sheep
  4 snapping turtles
  13 spriggans (Lair:6)
  3 wraiths
  A ynoxinul (Orc:2)
  2 wyverns (Lair:3)
  A shadow (D:11)
  A vampire (D:11)
  20 water elementals
  Eustachio (D:5)
  4 hogs (D:14)
  62 yaks
  A human (D:14)
  2 basilisks
  A steam dragon (Lair:3)
  4 vampire mosquitoes (D:13)
  3 wargs
  Menkaure (D:5)
  Edmund (D:4)
  An acid dragon (D:11)
  12 water moccasins
  Duvessa (D:6)
  An ice beast (D:7)
  A swamp drake (Orc:2)
  2 sky beasts
  34 orc warriors
  3 black bears
  A necrophage (D:8)
  7 centaurs
  9 ogres
  34 wolves
  3 boggarts (Lair:6)
  2 phantoms
  Blork the orc (D:4)
  2 nameless horrors
  16 bullfrogs
  A kobold brigand (D:11)
  2 scorpions
  Dowan (D:6)
  A wyvern zombie (D:7)
  A water moccasin zombie (D:5)
  A water moccasin skeleton (D:5)
  23 killer bees (Lair:3)
  6 howler monkeys
  4 electric eels
  A lava snake (D:8)
  4 centaur zombies
  A crimson imp (Orc:2)
  13 jellies (Lair:5)
  22 orc priests
  Crazy Yiuf (D:4)
  3 hounds
  Jessica (D:2)
  Terence (D:2)
  Natasha (thrice) (D:3)
  19 orc wizards
  3 iguanas
  A killer bee zombie (D:7)
  3 howler monkey zombies
  Robin (D:2)
  3 gnolls (D:2)
  7 adders
  A river rat (D:3)
  A shadow imp (Orc:2)
  A white imp (D:8)
  An ufetubus (D:5)
  2 adder skeletons
  3 worms
  2 dart slugs (D:1)
  56 orcs
  15 ball pythons
  24 endoplasms
  13 giant cockroaches
  7 hobgoblins
  20 jackals
  10 kobolds
  13 quokkas
  2 bats (D:1)
  8 frilled lizards
  16 goblins
  7 rats
922 creatures vanquished.

Vanquished Creatures (collateral kills)
  A merfolk (Shoals:3)
  A wind drake (Shoals:3)
  A steam dragon (D:9)
  A killer bee (Lair:3)
  An iron imp (Orc:2)
  15 foxfires
20 creatures vanquished.

Vanquished Creatures (others)
  An orc wizard (Orc:2)
  A white imp (Orc:2)
  2 orcs (Orc:2)
  1617 foxfires
  69 fungi
  341 plants
2031 creatures vanquished.

Grand Total: 2973 creatures vanquished

Notes
Turn   | Place    | Note
-------+----------+-------------------------------------------
     0 | D:1      | Conn the Octopode Fire Elementalist began the quest for the
                  | Orb.
     0 | D:1      | Reached XP level 1. HP: 11/11 MP: 3/3
   381 | D:1      | Reached XP level 2. HP: 17/17 MP: 3/5
   745 | D:1      | Reached XP level 3. HP: 21/22 MP: 1/6
  1343 | D:2      | Noticed Terence
  1344 | D:2      | Noticed Jessica
  1863 | D:2      | Noticed Robin
  2020 | D:2      | Learned a level 3 spell: Conjure Flame
  2031 | D:2      | Reached XP level 4. HP: 15/27 MP: 3/7
  2058 | D:3      | Noticed Natasha
  2068 | D:3      | Killed Natasha
  2174 | D:3      | Noticed Natasha
  2206 | D:3      | Killed Natasha
  2207 | D:3      | Reached XP level 5. HP: 16/32 MP: 4/8
  2348 | D:3      | Found a glowing drain.
  2364 | Sewer    | Entered a sewer
  3006 | Sewer    | Reached skill level 3 in Spellcasting
  3015 | Sewer    | Reached XP level 6. HP: 23/37 MP: 0/10
  3248 | D:3      | Noticed Natasha
  3258 | D:3      | Killed Natasha
  3489 | D:3      | Reached skill level 1 in Fighting
  3925 | D:2      | Killed Jessica
  3926 | D:2      | Reached XP level 7. HP: 21/43 MP: 1/12
  3984 | D:2      | Killed Robin
  4181 | D:2      | Killed Terence
  4322 | D:2      | Found a broken altar of Ashenzari.
  4577 | D:2      | Found a faded altar of an unknown god.
  4823 | D:2      | Learned a level 3 spell: Inner Flame
  4828 | D:2      | Learned a level 4 spell: Sticky Flame
  4880 | D:4      | Noticed Blork the orc
  4881 | D:4      | Noticed Grinder
  5113 | D:4      | Noticed Edmund
  5216 | D:4      | Killed Edmund
  5217 | D:4      | Reached skill level 4 in Spellcasting
  5217 | D:4      | Reached skill level 5 in Fire Magic
  5501 | D:4      | Killed Grinder
  5502 | D:4      | Reached skill level 5 in Stealth
  5502 | D:4      | Reached XP level 8. HP: 48/48 MP: 3/14
  5658 | D:4      | Reached skill level 1 in Short Blades
  5772 | D:4      | Found a white marble altar of Elyvilon.
  5823 | D:4      | Noticed a yak
  5823 | D:4      | Noticed a yak
  5823 | D:4      | Noticed a yak
  5847 | D:4      | Killed a yak
  5944 | D:4      | Noticed a yak
  5944 | D:4      | Noticed a yak
  5955 | D:4      | Killed a yak
  5966 | D:4      | Killed a yak
  5967 | D:4      | Reached skill level 5 in Spellcasting
  5967 | D:4      | Reached skill level 1 in Hexes
  5997 | D:4      | Killed a yak
  5998 | D:4      | Reached skill level 5 in Conjurations
  6020 | D:4      | Killed a yak
  6346 | D:4      | Killed Blork the orc
  6347 | D:4      | Reached XP level 9. HP: 50/54 MP: 4/17
  6505 | D:4      | Reached skill level 6 in Spellcasting
  6662 | D:4      | Found a runed translucent door.
  6663 | D:4      | Noticed Crazy Yiuf
  6687 | D:4      | Found an opulent altar of Gozag.
  6825 | D:4      | Killed Crazy Yiuf
  6900 | D:5      | Entered Level 5 of the Dungeon
  6942 | D:5      | Found Ehuasal's Armour Emporium.
  6972 | D:5      | Noticed Menkaure
  6979 | D:5      | Killed Menkaure
  7058 | D:5      | Found a sparkling altar of Nemelex Xobeh.
  7059 | D:5      | Found Fipt's Magic Scroll Shop.
  7069 | D:5      | Bought a scroll of teleportation for 39 gold pieces
  7069 | D:5      | Bought a scroll of blinking for 97 gold pieces
  7080 | D:5      | Found a hazy altar of Hepliaklqana.
  7125 | D:5      | Found Boinil's Antique Weapon Shop.
  7137 | D:5      | Found Zopp's Jewellery Boutique.
  7157 | D:5      | Noticed Eustachio
  7176 | D:5      | Killed Eustachio
  7352 | D:5      | Identified a scroll of acquirement
  7352 | D:5      | Acquired 870 gold pieces
  7375 | D:5      | Bought a shimmering trident for 272 gold pieces
  7375 | D:5      | Identified the +7 trident of a Thousand Continents {freeze,
                  | rPois MP-9 Str+3} (You bought it in a shop on level 5 of
                  | the Dungeon)
  7375 | D:5      | Bought an encrusted war axe for 272 gold pieces
  7375 | D:5      | Identified the +5 war axe of Loefu {antimagic, Will+ Str+4
                  | Int+3 Stlth+} (You bought it in a shop on level 5 of the
                  | Dungeon)
  7999 | D:6      | Found a burning altar of Makhleb.
  8007 | D:6      | Identified the +8 whip of Cunytrexa {protect, *Noise rPois
                  | rCorr Int+8}
  8115 | D:6      | Noticed Maggie
  8123 | D:6      | Learned a level 5 spell: Fireball
  8136 | D:6      | Killed Maggie
  8661 | D:6      | Reached skill level 7 in Spellcasting
  8676 | D:6      | Found Tigod's Antique Armour Boutique.
  8727 | D:6      | Noticed Duvessa
  8727 | D:6      | Noticed Dowan
  8746 | D:5      | Found a staircase to the Ecumenical Temple.
  8751 | Temple   | Entered the Ecumenical Temple
  8757 | Temple   | Became a worshipper of Sif Muna the Loreminder
  8844 | D:6      | Killed Duvessa
  8845 | D:6      | Reached XP level 10. HP: 34/60 MP: 16/20
  8877 | D:6      | Killed Dowan
  9236 | D:7      | Noticed a cyclops
  9237 | D:7      | Reached skill level 1 in Maces & Flails
  9252 | D:7      | Killed a cyclops
  9573 | D:7      | Found a broken altar of Ashenzari.
 10156 | D:8      | Reached * piety under Sif Muna
 10157 | D:8      | Reached skill level 8 in Spellcasting
 10268 | D:8      | Noticed a cyclops
 10268 | D:8      | Noticed an eight-headed hydra
 10279 | D:8      | Killed an eight-headed hydra
 10337 | D:8      | Noticed a five-headed hydra
 10339 | D:8      | Killed a cyclops
 10355 | D:8      | Noticed a manticore
 10510 | D:8      | Killed a manticore
 10855 | D:8      | Found a hide-covered altar of Uskayaw.
 10897 | D:8      | Killed a five-headed hydra
 10898 | D:8      | Reached skill level 9 in Spellcasting
 10898 | D:8      | Reached XP level 11. HP: 66/66 MP: 8/24
 11212 | D:9      | Noticed a two-headed ogre
 11214 | D:9      | Killed a two-headed ogre
 11238 | D:9      | Learned a level 2 spell: Blink
 11379 | D:9      | Found a shadowy altar of Dithmenos.
 11409 | D:9      | Noticed a two-headed ogre
 11421 | D:9      | Killed a two-headed ogre
 11422 | D:9      | Reached skill level 1 in Evocations
 11429 | D:9      | Reached skill level 1 in Translocations
 11588 | D:9      | Found Nupin's Magic Scroll Shop.
 12369 | D:10     | Entered Level 10 of the Dungeon
 12505 | D:10     | Identified the +3 leather armour of Plasticity {Rampage rC-
                  | Stlth+}
 13213 | D:10     | Found a snail-covered altar of Cheibriados.
 13882 | D:11     | Noticed a seven-headed hydra
 13898 | D:11     | Killed a seven-headed hydra
 13899 | D:11     | Reached skill level 1 in Invocations
 14011 | D:11     | Noticed Gastronok
 14154 | D:11     | Killed Gastronok
 14168 | D:11     | Reached ** piety under Sif Muna
 14169 | D:11     | Reached XP level 12. HP: 72/72 MP: 2/25
 14459 | D:11     | Found a staircase to the Lair.
 14690 | D:11     | Reached skill level 10 in Spellcasting
 15664 | D:5      | Bought a +6 ring of intelligence for 643 gold pieces
 15670 | D:5      | Learned a level 4 spell: Summon Ice Beast
 15676 | D:5      | Learned a level 5 spell: Manifold Assault
 15858 | Lair:1   | Entered Level 1 of the Lair of Beasts
 16099 | Lair:1   | Reached skill level 5 in Dodging
 16520 | Lair:1   | Reached skill level 10 in Fire Magic
 16678 | Lair:1   | Reached skill level 1 in Ice Magic
 17194 | Lair:1   | You fall into a shaft and drop 1 floor!
 17767 | Lair:2   | Noticed Fannar
 17773 | Lair:2   | Killed Fannar
 17774 | Lair:2   | Noticed a death yak
 17778 | Lair:2   | Noticed a death yak
 17791 | Lair:2   | Killed a death yak
 17792 | Lair:2   | Reached skill level 5 in Invocations
 17799 | Lair:2   | Killed a death yak
 17836 | Lair:2   | Reached skill level 10 in Conjurations
 17836 | Lair:2   | Reached XP level 13. HP: 44/77 MP: 2/27
 18028 | Lair:2   | Reached skill level 5 in Translocations
 18911 | Lair:2   | Found a staircase to the Shoals.
 19372 | Lair:3   | Noticed Urug
 19885 | Lair:3   | Found a hole to the Spider Nest.
 20016 | Lair:3   | Reached *** piety under Sif Muna
 20129 | Lair:3   | Learned a level 5 spell: Bolt of Magma
 20291 | Lair:3   | Reached skill level 11 in Spellcasting
 20986 | Lair:3   | Noticed Rupert
 21288 | D:5      | Bought a ring of willpower for 275 gold pieces
 21482 | D:12     | Found a staircase to the Orcish Mines.
 22815 | Orc:1    | Entered Level 1 of the Orcish Mines
 23237 | Orc:2    | Entered Level 2 of the Orcish Mines
 23622 | Orc:1    | Reached **** piety under Sif Muna
 23838 | Orc:2    | Noticed Maurice
 23851 | Orc:2    | Killed Maurice
 24205 | Orc:2    | Found a staircase to the Elven Halls.
 24328 | Orc:2    | Reached XP level 14. HP: 80/84 MP: 4/29
 25275 | Orc:2    | Found Zaacetri's Distillery.
 25280 | Orc:2    | Reached ***** piety under Sif Muna
 25422 | Orc:2    | Found Nezaosu's General Store.
 26251 | Orc:2    | Bought a potion of heal wounds for 80 gold pieces
 26567 | Orc:2    | Reached skill level 1 in Summonings
 26607 | Orc:2    | Reached skill level 12 in Spellcasting
 27389 | Orc:2    | Found Huschy Bimm's Jewellery Boutique.
 27389 | Orc:2    | Found a one-way gate leading to the halls of Pandemonium.
 27389 | Orc:2    | Found Kicsokk's Antique Armour Shop.
 28087 | D:13     | Noticed Snorg
 28092 | D:13     | Killed Snorg
 28108 | D:13     | Found Woicarph's Assorted Antiques.
 28108 | D:13     | Found Uvaymy's Magic Scroll Shoppe.
 28112 | D:13     | You fall into a shaft and drop 1 floor!
 28243 | D:14     | Learned a level 3 spell: Mephitic Cloud
 28334 | D:14     | Found Esahaac's Assorted Antiques.
 28373 | D:14     | Identified the +1 helmet of Tyxaj {Dex+2}
 28610 | D:14     | Identified Roxanne's Collected Works on Changing
 28610 | D:14     | Noticed Roxanne
 28776 | D:14     | Received a gift from Sif Muna
 28787 | D:14     | Got Sif Muna's Papyrus of Destructive Summoning {god gift}
 28947 | D:14     | Learned a level 3 spell: Stone Arrow
 28965 | D:14     | Noticed Kirke
 28974 | D:14     | Killed Kirke
 29197 | D:14     | Reached skill level 1 in Air Magic
 29530 | D:14     | Found Detog's Antique Armour Shop.
 29558 | D:14     | Noticed Agnes
 29571 | D:14     | Learned a level 7 spell: Orb of Destruction
 29581 | D:14     | HP: 6/127 [Agnes (23)]
 29582 | D:14     | Killed Agnes
 29583 | D:14     | Reached skill level 1 in Earth Magic
 29583 | D:14     | Reached XP level 15. HP: 7/90 MP: 5/31
 30416 | D:13     | Reached skill level 13 in Spellcasting
 30543 | D:13     | Bought a scratched opal ring for 120 gold pieces
 30543 | D:13     | Bought a thin diamond amulet for 120 gold pieces
 30717 | D:13     | Found a gate to the Vaults.
 31071 | Lair:3   | Killed Rupert
 31740 | Lair:3   | Killed Urug
 32223 | Lair:4   | Noticed Nergalle
 32229 | Lair:4   | Killed Nergalle
 35713 | Lair:5   | Found a staircase to the Slime Pits.
 35720 | Lair:5   | Reached skill level 14 in Spellcasting
 35903 | Lair:5   | Found a hazy altar of Hepliaklqana.
 36389 | Lair:5   | Reached XP level 16. HP: 97/97 MP: 23/34
 36530 | Lair:6   | Entered Level 6 of the Lair of Beasts
 36693 | Lair:6   | Found a frozen archway.
 36709 | IceCv    | Entered an ice cave
 36861 | IceCv    | Received a gift from Sif Muna
 36870 | IceCv    | Learned a level 6 spell: Dispersal
 39577 | Lair:6   | Identified the +0 scale mail of Defiance {+Blink rF+ rC-
                  | rN+}
 39645 | Lair:6   | Received a gift from Sif Muna
 39646 | Lair:6   | Got Sif Muna's Handbook of Damaging Stones {god gift}
 39656 | Lair:6   | Learned a level 4 spell: Iskenderun's Mystic Blast
 39747 | Lair:6   | Reached skill level 5 in Maces & Flails
 41159 | Lair:6   | Reached skill level 1 in Shields
 41174 | Lair:6   | Gained mutation: Your system is resistant to poisons.
                  | (rPois) [potion of mutation]
 41744 | Shoals:1 | Entered Level 1 of the Shoals
 41790 | Shoals:1 | Identified the +0 leather armour of Distant Shores {Harm
                  | rC- Str+3 Int+2}
 42118 | Shoals:1 | Reached skill level 5 in Fighting
 42129 | Shoals:1 | Identified the +5 war axe "Faif" {vorpal, Fragile rF++
                  | rC++}
 42557 | Shoals:1 | Reached XP level 17. HP: 103/103 MP: 27/35
 42872 | Shoals:1 | Reached skill level 15 in Spellcasting
 43244 | Shoals:2 | Received a gift from Sif Muna
 43255 | Shoals:2 | Got Sif Muna's Volume of the Creative Traveller {god gift}
 44911 | Shoals:2 | Found Weeqea's Assorted Antiques.
 45856 | Shoals:3 | Noticed Bai Suzhen
 45863 | Shoals:3 | Killed Bai Suzhen
 47140 | Shoals:4 | Entered Level 4 of the Shoals
 47527 | Shoals:4 | Reached skill level 5 in Shields
 47715 | Shoals:4 | Noticed Polyphemus
 47800 | Shoals:3 | Noticed Ilsuiw
 48098 | Shoals:4 | Identified the +1 ring mail of Classification {rC+}
 48124 | Shoals:4 | Shot with a sling bullet by a faun

Illustrated notes

Levels and vault maps discovered:
D:1:      ebering_trefoil_twist, layout_basic
D:2:      layout_basic, dreamdust_ecumenical_altar_hidden_monk_grotto,
          serial_forest, infiniplex_forest_clump_C, infiniplex_forest_end_2,
          infiniplex_forest_end_2, infiniplex_forest_straight_4,
          infiniplex_forest_straight_2, infiniplex_forest_lined_room_,
          basic_altar, uniq_robin, uniq_jessica, uniq_terence
D:3:      layout_rooms, portal_sewer_entry_b, serial_bayou_pond_e, uniq_natasha
D:4:      layout_rooms, mainiacjoe_overflow_alcove_2,
          nicolae_elyvilon_peaceful_grove, minivault_11, minmay_box_of_dots,
          uniq_blork_the_orc, uniq_grinder, uniq_edmund, uniq_crazy_yiuf_cottage
D:5:      layout_basic, kennysheep_little_box,
          nemelex_xobeh_ov_fountains_minmay, minmay_temple_entry_from_below_a,
          serial_shops, shop, nicolae_inconvenience_store,
          nicolae_shop_statue_plus, shop, minivault_4, uniq_eustachio,
          uniq_menkaure
D:6:      layout_basic, bloody_makhleb, serial_shops, shop, uniq_duvessa,
          uniq_maggie
D:7:      layout_basic, mainiacjoe_overflow_catwalk, minmay_misc_feat_pillars,
          palyth_stone_intersect
D:8:      minmay_cut_squares, layout_basic, nicolae_uskayaw_suspiria
D:9:      layout_loops_ring, mainiacjoe_overflow_24_doors, serial_shops, shop
D:10:     layout_stronghold, cheibriados_altar_1
D:11:     layout_loops_corners, lair_entry_dummy, solitary_fountain,
          minivault_25_ag, uniq_gastronok
D:12:     layout_big_octagon, orc_0_dummy
D:13:     layout_rooms, erik_vaults_1, serial_shops, nicolae_shop_trees, shop,
          uniq_snorg
D:14:     layout_roguey, serial_shops, nicolae_shop_waterfront, shop,
          uniq_agnes, uniq_kirke, uniq_roxanne
Temple:   dshaligram_water_room_temple
Lair:1:   layout_regular_city, serial_bayou, serial_bayou_shore_a,
          serial_bayou_lagoon_b, serial_bayou_lake_a, serial_bayou_pond_a,
          infiniplex_staircase_pool
Lair:2:   layout_regular_city, elwin_shoals_entry_rooms, uniq_fannar
Lair:3:   layout_long_grid, spider_nest_entry_web_field, special_room
          [special_room_bee], chequers_serial_rivers_micro_d,
          chequers_serial_rivers_large_a, uniq_rupert, uniq_urug
Lair:4:   layout_layer_cave, chequers_serial_rivers_room_b, grunt_megastairs_2,
          uniq_nergalle
Lair:5:   layout_long_grid, minmay_slime_entry_jelly_boxes, basic_altar,
          lemuel_fruit_tree, lemuel_fruit_fields
Lair:6:   minmay_lair_end_enchanted_forest, layout_cave_pods,
          portal_ice_cave_demonic_guard
Shoals:1: layout_shoals
Shoals:2: layout_shoals, nicolae_take_the_stairs,
          nicolae_shoals_lost_giant_amphitheater
Shoals:3: layout_shoals, uniq_ilsuiw, uniq_bai_suzhen
Shoals:4: shoals_end_grunt_garden, layout_shoals,
          nicolae_shoals_stone_sculpture_thing, uniq_polyphemus, uniq_donald
Orc:1:    layout_caves
Orc:2:    pf_orc_diabolical, layout_caves, hangedman_minor_magic, uniq_maurice

Skill      XL: |  1  2  3  4  5  6  7  8  9 10 11 12 13 14 15 16 17 |
---------------+----------------------------------------------------+-----
Stealth        | 3 4 5 6 7 |  7.9
Fire Magic     | 4 5 6 7 8 9 10 11 12 13 14 | 14.0
Conjurations   | 2 3 4 5 6 8 9 10 11 12 13 14 | 14.6
Spellcasting   | 3 4 5 7 9 10 11 12 14 15 | 15.7
Fighting       | 1 2 3 4 5 |  5.1
Dodging        | 3 4 5 6 |  6.8
Short Blades   | 1 |  1.4
Hexes          | 1 2 3 |  3.6
Maces & Flails | 1 2 3 4 5 |  5.2
Evocations     | 1 |  1.0
Translocations | 3 4 6 7 |  7.4
Invocations    | 2 5 7 |  7.0
Ice Magic      | 2 4 |  4.8
Summonings     | 1 |  1.1
Air Magic      | 1 2 |  2.0
Earth Magic    | 1 2 3 |  3.7
Shields        | 2 5 |  5.1
Unarmed Combat | |  0.3
Poison Magic   | |  0.3

Action                   |  1- 3 |  4- 6 |  7- 9 | 10-12 | 13-15 | 16-18 || total
-------------------------+-------+-------+-------+-------+-------+-------++-------
Melee: Unarmed           |    19 |       |       |       |       |       ||    19
       Constrict         |    10 |     7 |    10 |    10 |    22 |     9 ||    68
       Tentacles         |     9 |     7 |     6 |    17 |    37 |    27 ||   103
       Dagger            |     2 |    31 |    38 |       |       |       ||    71
       Whip              |       |       |     6 |   116 |   207 |   100 ||   429
       Punch             |       |       |       |       |     1 |       ||     1
 Cast: Foxfire           |    59 |   129 |   147 |   210 |   220 |   165 ||   930
       Conjure Flame     |       |     3 |    19 |    17 |    11 |       ||    50
       Sticky Flame      |       |       |     7 |    20 |    96 |    33 ||   156
       Inner Flame       |       |       |     5 |    12 |     7 |       ||    24
       Fireball          |       |       |     5 |    56 |   240 |   212 ||   513
       Blink             |       |       |       |     3 |    34 |     5 ||    42
       Manifold Assault  |       |       |       |       |    11 |       ||    11
       Summon Ice Beast  |       |       |       |       |    17 |       ||    17
       Bolt of Magma     |       |       |       |       |    25 |    34 ||    59
       Mephitic Cloud    |       |       |       |       |    15 |     3 ||    18
       Stone Arrow       |       |       |       |       |     5 |       ||     5
       Orb of Destructio |       |       |       |       |    18 |    46 ||    64
       Dispersal         |       |       |       |       |       |     4 ||     4
       Iskenderun's Myst |       |       |       |       |       |     2 ||     2
Invok: Channel Magic     |       |       |       |       |    14 |     6 ||    20
       Forget Spell      |       |       |       |       |     1 |     1 ||     2
Evoke: Wand              |       |       |     1 |     3 |     4 |     2 ||    10
       Phantom mirror    |       |       |       |     1 |       |       ||     1
  Use: Potion            |     1 |     2 |     2 |       |     5 |    12 ||    22
       Scroll            |       |       |     9 |     1 |    24 |    12 ||    46
 Stab: Sleeping          |     3 |     2 |     5 |     3 |     1 |     1 ||    15
       Distracted        |       |       |       |       |     1 |     1 ||     2
Armor: Skin              |     1 |     7 |     6 |    67 |   117 |    65 ||   263
Dodge: Dodged            |    32 |    43 |    46 |   151 |   362 |   195 ||   829
Block: Buckler           |       |       |       |       |       |    29 ||    29
       Reflection        |       |       |       |       |       |    10 ||    10

Table legend: (Time is in decaauts)
 A = Elapsed time spent in this place.
 B = Non-inter-level travel time spent in this place.
 C = Inter-level travel time spent in this place.
 D = Time resting spent in this place.
 E = Time spent auto-exploring this place.
 F = Levels seen in this place.
 G = Mean time per level.
                   A        B        C        D        E       F      G
               +--------+--------+--------+--------+--------+-----+--------+
         Total |  48129 |  46622 |   1507 |  12134 |  23852 |  29 | 1659.6 |
       Dungeon |  19678 |  18455 |   1223 |   3954 |  10360 |  14 | 1405.6 |
        Temple |     12 |     12 |      0 |      0 |      0 |   1 |   12.0 |
          Lair |  13823 |  13574 |    249 |   2984 |   7865 |   6 | 2303.8 |
        Shoals |   6375 |   6348 |     27 |   1990 |   3188 |   4 | 1593.8 |
  Orcish Mines |   5294 |   5288 |      6 |   2191 |   1311 |   2 | 2647.0 |
         Sewer |    781 |    781 |      0 |     81 |    434 |   1 |  781.0 |
      Ice Cave |   2163 |   2163 |      0 |    933 |    694 |   1 | 2163.0 |
               +--------+--------+--------+--------+--------+-----+--------+

Top non-repeatable levels by time:
   Orc:2: 3379 daAuts
  Lair:6: 2951 daAuts
  Lair:4: 2556 daAuts
  Lair:2: 2447 daAuts
  Lair:3: 2446 daAuts
    D:11: 2394 daAuts
   IceCv: 2163 daAuts
Shoals:3: 2134 daAuts
Shoals:2: 2132 daAuts
    D:14: 2116 daAuts
   Orc:1: 1914 daAuts
  Lair:5: 1826 daAuts
     D:4: 1815 daAuts
     D:2: 1707 daAuts
  Lair:1: 1594 daAuts
